cohdb
Replays
Latest Replays
All Replays
Popular Replays
Top Player Replays
Match Explorer
How It Works
Community
CoH3 Stats
Reddit
Sign in to upload your games and track your stats! →
Sign in with Steam
Match 40156945
Unlisted
Match 40156945
Overview
Messages
Build Orders
End
Construct Section Command Post
Vickers Machine Gun Team
Infantry Section
Infantry Section
Construct Platoon Command Post
6-pounder Anti-tank Gun Team
Construct Company Command Post
CMP 15cwt Truck
Selects Canadian Shock Battlegroup
Selects Incendiary Munitions
Selects Pyrotechnics
Crusader II Medium Tank
Royal Engineer Section
mognats
Bia Bia Bia
Aurelius
Agua de Jamaica
蒼星石
Ani Nega Gojarane!
NonoNO
rhexacglagye
0
0
Comments
sign in to comment!
No comments posted yet!